 Dungeon Crawl Stone Soup version 0.30-a0-755-g0b50240ab4 (webtiles) character file.

Game seed: 2255135226214023080

116 BRD the Chopper (level 4, 0/35 HPs)
             Began as a Demonspawn Gladiator on Feb 9, 2023.
             Killed from afar by Sigmund (6 damage)
             ... with a puff of flame
             ... on level 3 of the Dungeon.
             The game lasted 00:05:50 (1765 turns).

BRD the Chopper (Demonspawn Gladiator)              Turns: 1765, Time: 00:05:50

Health: 0/35       AC:  5    Str: 11 (14) XL:     4   Next: 69%
Magic:  4/4        EV: 13    Int: 10 (11) God:
Gold:   158        SH:  0    Dex: 14 (15) Spells: 1/3 levels left

rFire   + . .      SeeInvis .    a - +0 war axe
rCold   . . .      Faith    .    v - orb {mayhem}
rNeg    . . .      Spirit   .    b - +0 leather armour
rPois   .          Reflect  .    c - +0 helmet
rElec   .          Harm     .    (no cloak)
rCorr   .          Rampage  .    h - +0 pair of gloves
Will    .....      Clarity  +    (no boots)
Stlth   +                        (no amulet)
HPRegen 0.25/turn                (no ring)
MPRegen 0.09/turn                (no ring)

@: confused, flying
A: ignite blood 3, clarity, fire resistance 1, sturdy frame 1
a: no special abilities


You were on level 3 of the Dungeon.
You visited 1 branch of the dungeon, and saw 3 of its levels.

You collected 158 gold pieces.

Inventory:

Hand Weapons
 a - a +0 war axe (weapon)
Missiles
 d - 3 throwing nets
 m - 4 boomerangs of dispersal (quivered)
Armour
 b - a +0 leather armour (worn)
 c - a +0 helmet (worn)
 h - a +0 pair of gloves (worn)
 v - an orb of mayhem (worn)
Jewellery
 k - an amulet of magic regeneration
Wands
 q - a wand of mindburst (7)
Scrolls
 e - a scroll of poison {unknown}
 f - a scroll of vulnerability {unknown}
 g - 2 scrolls of identify {unknown}
 i - a scroll of magic mapping {unknown}
 j - a scroll of summoning {unknown}
 o - a scroll of brand weapon {unknown}
 p - a scroll of immolation {unknown}
 t - a scroll of teleportation {unknown}
Potions
 l - a potion of attraction
 s - a potion of degeneration


   Skills:
 + Level 3.1 Fighting
 + Level 3.5 Axes
 - Level 2.0 Throwing
 + Level 3.4 Dodging
 + Level 0.4 Spellcasting
 + Level 0.4 Transmutations


You had one spell level left.
You knew the following spells:

 Your Spells              Type           Power      Damage    Failure   Level
a - Wereblood             Tmut           1%         N/A       45%         2

Your spell library contained the following spells:

 Spells                   Type           Power      Damage    Failure   Level
 Magic Dart               Conj           0%         1d3       36%         1
 Sandblast                Erth           0%         2d4       36%         1
 Shock                    Conj/Air       0%         1d3       36%         1
 Momentum Strike          Conj/Tloc      0%         3d8       52%         2
 Sublimation of Blood     Necr           0%         N/A       52%         2
 Kindle Blastsparks       Fire/Tloc/Air  0%         2d10      75%         3
 Swiftness                Air            0%         N/A       75%         3
 Airstrike                Air            0%         2d(0-16)  98%         4
 Fulminant Prism          Conj/Hex       0%         3d5       98%         4
 Iskenderun's Mystic Bla  Conj/Tloc      0%         2d3       98%         4
 Lee's Rapid Deconstruct  Erth           0%         3d4*      100%        5
 Summon Hydra             Summ           0%         N/A       100%        7
 Shatter                  Erth           0%         3d5*      100%        9


Dungeon Overview and Level Annotations

Branches:
Dungeon (3/15)

Altars:

Annotations:
D:2 1 runed translucent door, Crazy Yiuf
D:3 Sigmund, Terence


Innate Abilities, Weirdness & Mutations

Your demonic aura causes all spilled blood to erupt in flames.
You possess an exceptional clarity of mind.
Your flesh is heat resistant. (rF+)
Your movements are slightly less encumbered by armour. (ER -2)


Message History

Sigmund misses you.
You start putting on your armour.
You continue putting on your orb of mayhem.
Sigmund hits you from afar with a +0 scythe of protection.
Keep equipping yourself?
You continue putting on your orb of mayhem. x2
Sigmund casts a spell at you. You resist with some effort.
You continue putting on your orb of mayhem.
Sigmund hits you from afar with a +0 scythe of protection.
You finish putting on your orb of mayhem.
Sigmund hits you with a +0 scythe of protection.
You hit Sigmund but do no damage. Sigmund barely misses you.
You closely miss Sigmund. You barely miss Sigmund.
Sigmund hits you with a +0 scythe of protection!
* * * LOW HITPOINT WARNING * * *
It was a potion of attraction.
You feel attractive to monsters. Sigmund barely misses you.
It was a potion of degeneration.
There was something very wrong with that liquid.
You feel weakened.
You feel dopey.
You feel clumsy. Sigmund misses you.
It was a potion of cancellation.
Your magical effects are unravelling.
You feel magically purged.
You feel less attractive to monsters.
It was a potion of flight.
You feel very buoyant.
You fly up into the air.
Sigmund barely misses you.
It was a potion of magic.
Magic courses through your body.
Sigmund points at you and mumbles some strange words.
You are confused.
It was a potion of mutation.
You feel extremely strange.
You feel resistant to heat.
You feel less encumbered by your armour.
Your thoughts seem clearer.
Sigmund points at you and mumbles some strange words.
The puff of flame hits you. You resist.
You die...

########## #.........#
#.........# #..$......#
#.........#
#############.........#
###.>..........@....<..?#
............# #.@.......#
###.........# #.°)......#
##.........# ####.######
##.....†....# #.#
.......#....# #>#
.##.##.# ##.# ##.#
....#..# #..# ####..##
#.## .## #.#


You could see Sigmund.

Vanquished Creatures
  6 adders
  2 dart slugs
  6 ball pythons
  9 bats
  6 endoplasms
  A giant cockroach (D:2)
  5 goblins
  6 hobgoblins
  3 jackals (D:1)
  2 frilled lizards (D:3)
  4 kobolds
  4 rats
54 creatures vanquished.

Notes
Turn   | Place    | Note
-------+----------+-------------------------------------------
     0 | D:1      | BRD the Demonspawn Gladiator began the quest for the Orb.
     0 | D:1      | Reached XP level 1. HP: 16/16 MP: 1/1
    47 | D:1      | Gained mutation: Your demonic aura sometimes causes spilled
                  | blood to erupt in flames. [demonic ancestry]
    47 | D:1      | Reached XP level 2. HP: 7/22 MP: 2/2
   206 | D:1      | Found a faded altar of an unknown god.
   607 | D:2      | Gained mutation: Your demonic aura often causes spilled
                  | blood to erupt in flames. [demonic ancestry]
   607 | D:2      | Reached XP level 3. HP: 26/28 MP: 3/3
   969 | D:2      | Gained mutation: Your demonic aura causes all spilled blood
                  | to erupt in flames. [demonic ancestry]
   969 | D:2      | Reached XP level 4. HP: 28/34 MP: 4/4
  1182 | D:2      | Found a runed translucent door.
  1183 | D:2      | Noticed Crazy Yiuf
  1324 | D:2      | Learned a level 2 spell: Wereblood
  1499 | D:3      | Got the Parchment of Harmful Geology
  1591 | D:3      | Noticed Terence
  1748 | D:3      | Noticed Sigmund
  1765 | D:3      | Gained mutation: Your flesh is heat resistant. (rF+)
                  | [potion of mutation]
  1765 | D:3      | Gained mutation: Your movements are slightly less
                  | encumbered by armour. (ER -2) [potion of mutation]
  1765 | D:3      | Gained mutation: You possess an exceptional clarity of
                  | mind. [potion of mutation]
  1765 | D:3      | Killed from afar by Sigmund

Illustrated notes

Levels and vault maps discovered:
D:1:      moated_graveyard_arrival, layout_rooms, basic_ecumenical_altar,
          minivault_23, supply_closet_lemuel
D:2:      layout_basic, uniq_crazy_yiuf_cottage
D:3:      layout_rooms, uniq_terence, uniq_sigmund

Skill      XL: |  1  2  3  4 |
---------------+-------------+-----
Throwing       | 2 |  2.0
Axes           | 3 |  3.5
Dodging        | 3 |  3.4
Fighting       | 3 |  3.1
Spellcasting   | |  0.4
Transmutations | |  0.4

Action                     |  1- 3 |  4- 6 || total
---------------------------+-------+-------++-------
  Melee: War axe           |    95 |    38 ||   133
    Use: Potion            |     1 |     6 ||     7
   Stab: Sleeping          |     2 |       ||     2
 Armour: Leather armour    |    38 |    11 ||    49
  Dodge: Dodged            |    86 |    34 ||   120

Table legend: (Time is in decaauts)
 A = Elapsed time spent in this place.
 B = Non-inter-level travel time spent in this place.
 C = Inter-level travel time spent in this place.
 D = Time resting spent in this place.
 E = Time spent auto-exploring this place.
 F = Levels seen in this place.
 G = Mean time per level.
                   A        B        C        D        E       F      G
               +--------+--------+--------+--------+--------+-----+--------+
         Total |   1809 |   1717 |     92 |     65 |   1117 |   3 |  603.0 |
       Dungeon |   1809 |   1717 |     92 |     65 |   1117 |   3 |  603.0 |
               +--------+--------+--------+--------+--------+-----+--------+

Top non-repeatable levels by time:
     D:2: 870 daAuts
     D:1: 609 daAuts
     D:3: 330 daAuts
